General information
- name: BNet
- type: Ladder team game (AT/RT)
- host: Battle.net
- saver: twa151
map: RiceFields
- players: 6
- length: 56:17
- speed: Fast
- version: 1.26 W3XP
- replay type:

» download(479 KB)
Players
team 1 (winner)
Birdeneering (
teal | 147 APM | 8228 actions | 56:09)
6 Archmage
3 Blizzard
2 Brilliance Aura
1 Mass Teleport
5 Blood Mage
3 Flame Strike
2 Siphon Mana
5 Mountain King
3 Storm Bolt
2 Bash
» actions
| Assign group hotkey | 525 | |
| Basic commands | 20 | |
| Build / train | 228 | |
| Enter build submenu | 195 | |
| Enter hero's abilities submenu | 17 | |
| Give item / drop item | 9 | |
| Remove unit from queue | 3 | |
| Right click | 3904 | |
| Select / deselect | 744 | |
| Select group hotkey | 2068 | |
| Use ability | 513 | |
8228 total
» units
» upgrades
| Masonry | 3 | |
| Lumber Harvesting | 2 | |
| Magic Sentry | 1 | |
6 total
» buildings
| Altar of Kings | 1 | |
| Lumber Mill | 1 | |
| Farm | 5 | |
| Scout Tower | 213 | |
| Arcane Tower | 10 | |
| Guard Tower | 98 | |
| Keep | 1 | |
| Town Hall | 2 | |
| Arcane Vault | 2 | |
| Arcane Sanctum | 1 | |
| Castle | 1 | |
335 total
» build order
00:04 Altar of Kings
00:19 Lumber Mill
00:34 Farm
00:52 Farm
01:19 Scout Tower
01:21 Scout Tower
01:33 Scout Tower
01:34 Scout Tower
01:47 Arcane Tower
01:49 Farm
02:02 Arcane Tower
02:13 Scout Tower
02:13 Guard Tower
02:16 Guard Tower
02:24 Scout Tower
02:32 Scout Tower
02:40 Scout Tower
02:44 Guard Tower
02:44 Guard Tower
02:45 Guard Tower
02:48 Guard Tower
03:07 Scout Tower
03:08 Guard Tower
03:10 Scout Tower
03:23 Scout Tower
03:23 Guard Tower
03:23 Guard Tower
03:42 Scout Tower
03:42 Guard Tower
03:45 Scout Tower
03:50 Guard Tower
03:51 Scout Tower
04:18 Guard Tower
04:20 Scout Tower
04:22 Scout Tower
04:24 Scout Tower
04:24 Scout Tower
04:25 Arcane Tower
04:52 Keep
04:55 Guard Tower
05:18 Guard Tower
05:20 Scout Tower
05:21 Scout Tower
05:50 Scout Tower
06:33 Town Hall
06:37 Scout Tower
06:38 Scout Tower
06:40 Scout Tower
06:41 Scout Tower
06:42 Scout Tower
06:44 Scout Tower
06:45 Scout Tower
06:48 Scout Tower
06:50 Scout Tower
06:50 Scout Tower
06:56 Arcane Vault
06:57 Scout Tower
06:58 Scout Tower
07:05 Arcane Tower
07:20 Guard Tower
07:33 Scout Tower
07:34 Guard Tower
07:40 Scout Tower
07:42 Scout Tower
07:47 Guard Tower
07:48 Scout Tower
07:50 Arcane Tower
08:12 Guard Tower
08:33 Scout Tower
08:33 Scout Tower
08:45 Guard Tower
08:53 Scout Tower
09:17 Scout Tower
09:22 Guard Tower
09:24 Scout Tower
09:26 Scout Tower
09:27 Scout Tower
09:36 Guard Tower
09:38 Scout Tower
09:39 Scout Tower
09:50 Guard Tower
09:52 Scout Tower
09:53 Scout Tower
10:33 Guard Tower
10:34 Scout Tower
10:35 Scout Tower
10:41 Guard Tower
10:42 Scout Tower
10:43 Scout Tower
10:52 Arcane Sanctum
10:56 Guard Tower
11:01 Scout Tower
11:04 Scout Tower
11:16 Castle
11:43 Guard Tower
11:44 Scout Tower
11:45 Scout Tower
11:46 Guard Tower
11:49 Scout Tower
11:50 Scout Tower
11:53 Guard Tower
11:56 Scout Tower
11:57 Scout Tower
12:00 Scout Tower
12:02 Scout Tower
12:02 Scout Tower
12:06 Scout Tower
12:09 Scout Tower
12:16 Scout Tower
12:16 Scout Tower
12:34 Arcane Tower
13:06 Guard Tower
13:09 Scout Tower
13:14 Scout Tower
13:15 Scout Tower
13:24 Scout Tower
13:25 Scout Tower
13:33 Scout Tower
14:09 Guard Tower
14:12 Guard Tower
14:14 Scout Tower
14:14 Scout Tower
14:17 Guard Tower
14:18 Scout Tower
14:19 Scout Tower
14:20 Guard Tower
14:26 Scout Tower
14:27 Scout Tower
14:28 Scout Tower
14:29 Scout Tower
14:31 Guard Tower
14:33 Scout Tower
14:34 Scout Tower
14:35 Guard Tower
14:38 Scout Tower
14:55 Scout Tower
14:55 Scout Tower
15:03 Guard Tower
15:17 Guard Tower
15:18 Scout Tower
15:19 Scout Tower
15:24 Guard Tower
15:25 Scout Tower
15:26 Scout Tower
15:36 Guard Tower
15:40 Guard Tower
15:48 Arcane Tower
16:15 Guard Tower
16:45 Guard Tower
16:47 Scout Tower
16:48 Scout Tower
16:48 Scout Tower
16:49 Scout Tower
17:06 Guard Tower
17:34 Scout Tower
17:34 Scout Tower
17:35 Scout Tower
17:52 Town Hall
17:53 Scout Tower
17:55 Scout Tower
17:56 Scout Tower
17:57 Scout Tower
17:58 Scout Tower
17:59 Scout Tower
18:25 Arcane Tower
18:25 Guard Tower
18:26 Guard Tower
18:27 Scout Tower
18:27 Scout Tower
18:28 Scout Tower
18:33 Scout Tower
18:34 Scout Tower
19:24 Scout Tower
19:26 Guard Tower
19:28 Scout Tower
19:28 Scout Tower
19:29 Scout Tower
19:29 Scout Tower
19:30 Scout Tower
19:31 Scout Tower
19:39 Guard Tower
19:41 Scout Tower
19:42 Scout Tower
19:43 Guard Tower
19:44 Scout Tower
19:44 Scout Tower
19:45 Scout Tower
19:50 Farm
19:51 Farm
19:52 Guard Tower
19:56 Scout Tower
19:57 Scout Tower
19:58 Scout Tower
19:58 Scout Tower
20:00 Guard Tower
20:18 Scout Tower
20:19 Scout Tower
20:28 Guard Tower
20:28 Guard Tower
20:28 Guard Tower
20:51 Scout Tower
21:09 Guard Tower
21:10 Scout Tower
21:13 Guard Tower
21:17 Guard Tower
21:21 Guard Tower
21:22 Scout Tower
21:53 Guard Tower
21:54 Scout Tower
21:58 Guard Tower
22:18 Guard Tower
22:19 Scout Tower
22:20 Scout Tower
22:23 Scout Tower
22:24 Scout Tower
22:25 Scout Tower
22:25 Guard Tower
22:29 Scout Tower
22:40 Scout Tower
22:41 Scout Tower
22:41 Scout Tower
22:51 Guard Tower
23:04 Guard Tower
23:12 Guard Tower
23:22 Guard Tower
23:25 Scout Tower
23:31 Guard Tower
23:33 Scout Tower
23:35 Scout Tower
24:37 Guard Tower
25:04 Arcane Tower
25:09 Scout Tower
25:10 Scout Tower
25:11 Scout Tower
25:12 Scout Tower
25:12 Scout Tower
25:35 Scout Tower
25:36 Scout Tower
25:37 Scout Tower
26:15 Guard Tower
26:44 Guard Tower
26:46 Scout Tower
26:47 Scout Tower
26:48 Scout Tower
26:48 Scout Tower
26:49 Guard Tower
26:51 Scout Tower
26:52 Scout Tower
27:43 Guard Tower
27:51 Guard Tower
27:59 Scout Tower
27:59 Scout Tower
29:40 Guard Tower
30:30 Scout Tower
30:30 Scout Tower
30:36 Scout Tower
30:37 Scout Tower
30:48 Scout Tower
30:50 Scout Tower
30:50 Scout Tower
31:20 Guard Tower
31:23 Guard Tower
31:34 Guard Tower
32:28 Guard Tower
32:30 Scout Tower
32:31 Scout Tower
32:31 Scout Tower
33:26 Guard Tower
33:52 Guard Tower
33:53 Scout Tower
33:54 Scout Tower
35:16 Scout Tower
35:16 Scout Tower
35:17 Scout Tower
35:18 Scout Tower
35:20 Scout Tower
35:21 Scout Tower
35:22 Guard Tower
35:24 Scout Tower
35:44 Guard Tower
35:54 Arcane Tower
36:14 Guard Tower
37:46 Arcane Vault
38:09 Guard Tower
38:10 Scout Tower
38:11 Scout Tower
39:13 Guard Tower
39:16 Scout Tower
39:17 Scout Tower
39:17 Scout Tower
39:18 Scout Tower
39:18 Scout Tower
39:19 Scout Tower
40:55 Scout Tower
40:56 Scout Tower
40:57 Scout Tower
41:13 Scout Tower
41:13 Scout Tower
41:14 Scout Tower
41:17 Scout Tower
41:17 Scout Tower
41:18 Scout Tower
41:21 Guard Tower
41:22 Scout Tower
41:22 Scout Tower
41:23 Scout Tower
41:37 Guard Tower
41:58 Guard Tower
42:04 Scout Tower
42:05 Scout Tower
43:25 Guard Tower
43:33 Guard Tower
43:37 Scout Tower
43:38 Scout Tower
45:24 Guard Tower
45:56 Scout Tower
45:56 Scout Tower
45:57 Scout Tower
45:58 Scout Tower
47:32 Scout Tower
47:33 Scout Tower
48:27 Guard Tower
48:29 Scout Tower
48:36 Scout Tower
48:53 Guard Tower
48:56 Scout Tower
48:57 Scout Tower
49:01 Guard Tower
49:07 Guard Tower
50:38 Guard Tower
50:44 Scout Tower
50:45 Scout Tower
51:15 Guard Tower
51:48 Guard Tower
» items
| Healing Salve | 4 | |
| Scroll of Town Portal | 2 | |
| Staff of Sanctuary | 3 | |
| Scroll of Regeneration | 6 | |
| Orb of Venom | 1 | |
| Orb of Lightning | 2 | |
| Lesser Clarity Potion | 3 | |
| Ring of Protection +2 | 1 | |
| Claws of Attack +15 | 4 | |
| Potion of Healing | 3 | |
| Potion of Mana | 1 | |
| Ring of Protection +5 | 2 | |
| Kelen's Dagger of Escape | 2 | |
34 total
twa151 (
pink | 136 APM | 7652 actions | 56:17)
9 Blademaster
3 Wind Walk
3 Critical Strike
1 Bladestorm
2 Mirror Image
» actions
| Assign group hotkey | 19 | |
| Basic commands | 2 | |
| Build / train | 86 | |
| Enter build submenu | 41 | |
| Enter hero's abilities submenu | 9 | |
| Give item / drop item | 9 | |
| Right click | 5579 | |
| Select / deselect | 491 | |
| Select group hotkey | 1143 | |
| Use ability | 271 | |
7652 total
» units
» upgrades
| Ranged Weapons | 2 | |
| Liquid Fire | 1 | |
3 total
» buildings
| Altar of Storms | 1 | |
| Orc Burrow | 4 | |
| Voodoo Lounge | 1 | |
| War Mill | 1 | |
| Watch Tower | 22 | |
| Stronghold | 1 | |
| Beastiary | 3 | |
| Fortress | 1 | |
34 total
» build order
00:07 Altar of Storms
00:20 Orc Burrow
00:33 Voodoo Lounge
00:41 War Mill
01:53 Watch Tower
02:11 Watch Tower
02:32 Watch Tower
02:49 Watch Tower
03:43 Stronghold
03:46 Watch Tower
04:35 Orc Burrow
04:37 Watch Tower
05:19 Watch Tower
05:33 Orc Burrow
05:38 Watch Tower
05:41 Watch Tower
06:06 Beastiary
06:10 Beastiary
06:13 Fortress
06:32 Orc Burrow
07:28 Watch Tower
08:50 Beastiary
10:07 Watch Tower
10:17 Watch Tower
14:41 Watch Tower
19:26 Watch Tower
19:26 Watch Tower
21:08 Watch Tower
21:09 Watch Tower
21:10 Watch Tower
21:11 Watch Tower
21:12 Watch Tower
21:13 Watch Tower
21:39 Watch Tower
» items
| Healing Salve | 8 | |
| Lesser Clarity Potion | 19 | |
| Orb of Lightning | 1 | |
| Scroll of Town Portal | 1 | |
| Gloves of Haste | 1 | |
30 total
twa800 (
blue | 108 APM | 6081 actions | 56:09)
8 Warden
3 Shadow Strike
3 Blink
2 Fan of Knives
» actions
| Assign group hotkey | 13 | |
| Basic commands | 23 | |
| Build / train | 69 | |
| ESC pressed | 4 | |
| Enter build submenu | 26 | |
| Enter hero's abilities submenu | 8 | |
| Give item / drop item | 1 | |
| Right click | 4495 | |
| Select / deselect | 242 | |
| Select group hotkey | 754 | |
| Use ability | 446 | |
6081 total
» units
» upgrades
| Ultravision | 1 | |
| Well Spring | 1 | |
| Strength of the Wild | 3 | |
| Reinforced Hides | 1 | |
| Nature's Blessing | 1 | |
7 total
» buildings
| Altar of Elders | 1 | |
| Moon Well | 20 | |
| Tree of Ages | 5 | |
| Tree of Life | 4 | |
| Tree of Eternity | 3 | |
| Hunter's Hall | 1 | |
| Ancient of Wonders | 1 | |
| Ancient of Wind | 1 | |
36 total
» build order
00:04 Altar of Elders
00:07 Moon Well
01:11 Moon Well
01:47 Moon Well
02:10 Moon Well
03:30 Tree of Ages
03:30 Tree of Ages
03:30 Tree of Ages
03:31 Tree of Ages
04:31 Moon Well
04:31 Moon Well
04:33 Moon Well
04:34 Moon Well
05:27 Tree of Life
06:15 Tree of Eternity
06:15 Tree of Eternity
06:16 Tree of Eternity
06:37 Hunter's Hall
06:52 Ancient of Wonders
07:51 Ancient of Wind
10:13 Moon Well
10:14 Moon Well
17:28 Moon Well
17:29 Moon Well
17:31 Moon Well
18:36 Tree of Life
18:41 Moon Well
21:17 Tree of Life
23:36 Moon Well
41:40 Tree of Life
44:07 Tree of Ages
47:11 Moon Well
47:12 Moon Well
47:13 Moon Well
47:14 Moon Well
» items
| Potion of Healing | 2 | |
| Orb of Venom | 1 | |
| Mana Stone | 1 | |
| Claws of Attack +15 | 1 | |
5 total
team 2 (loser)
Original)hybrid (
red | 125 APM | 7021 actions | 56:08)
6 Priestess of the Moon
3 Searing Arrows
2 Trueshot Aura
1 Starfall
» actions
| Assign group hotkey | 471 | |
| Basic commands | 219 | |
| Build / train | 106 | |
| ESC pressed | 6 | |
| Enter build submenu | 57 | |
| Enter hero's abilities submenu | 6 | |
| Give item / drop item | 1 | |
| Right click | 3123 | |
| Select / deselect | 730 | |
| Select group hotkey | 2085 | |
| Use ability | 217 | |
7021 total
» units
| Wisp | 44 | |
| Chimaera | 5 | |
| Hippogryph | 8 | |
| Siege Engine | 4 | |
61 total
» upgrades
| Strength of the Wild | 1 | |
| Nature's Blessing | 1 | |
| Corrosive Breath | 1 | |
3 total
» buildings
| Altar of Elders | 1 | |
| Moon Well | 11 | |
| Tree of Ages | 3 | |
| Hunter's Hall | 1 | |
| Tree of Eternity | 2 | |
| Ancient of Wind | 2 | |
| Ancient of Wonders | 1 | |
| Chimaera Roost | 6 | |
| Ancient Protector | 33 | |
60 total
» build order
00:07 Altar of Elders
00:18 Moon Well
01:44 Tree of Ages
01:44 Tree of Ages
01:44 Tree of Ages
02:03 Moon Well
02:25 Hunter's Hall
02:44 Moon Well
02:46 Moon Well
02:48 Moon Well
03:02 Moon Well
03:18 Moon Well
03:27 Moon Well
04:37 Tree of Eternity
04:38 Tree of Eternity
04:39 Ancient of Wind
04:47 Moon Well
05:45 Ancient of Wonders
06:59 Chimaera Roost
06:59 Chimaera Roost
07:00 Chimaera Roost
07:03 Chimaera Roost
07:04 Chimaera Roost
07:06 Chimaera Roost
07:39 Moon Well
09:30 Ancient Protector
09:30 Ancient Protector
09:37 Ancient Protector
09:37 Ancient Protector
09:58 Ancient Protector
10:55 Ancient Protector
10:55 Ancient Protector
10:58 Ancient Protector
11:09 Ancient Protector
11:54 Ancient Protector
12:06 Ancient of Wind
12:55 Ancient Protector
12:57 Ancient Protector
13:00 Ancient Protector
14:29 Ancient Protector
17:52 Moon Well
19:26 Ancient Protector
19:26 Ancient Protector
19:27 Ancient Protector
19:28 Ancient Protector
19:28 Ancient Protector
19:29 Ancient Protector
19:31 Ancient Protector
19:31 Ancient Protector
19:33 Ancient Protector
24:00 Ancient Protector
24:00 Ancient Protector
24:01 Ancient Protector
24:03 Ancient Protector
24:46 Ancient Protector
24:47 Ancient Protector
25:42 Ancient Protector
25:44 Ancient Protector
26:21 Ancient Protector
26:51 Ancient Protector
» items
| Potion of Healing | 14 | |
| Scroll of Town Portal | 8 | |
| Ivory Tower | 3 | |
25 total
SeEkErOfPoWeR (
yellow | 50 APM | 2797 actions | 55:54)
5 Tauren Chieftain
3 Shockwave
2 Endurance Aura
3 Shadow Hunter
1 Hex
2 Healing Wave
» actions
| Assign group hotkey | 37 | |
| Basic commands | 34 | |
| Build / train | 111 | |
| ESC pressed | 13 | |
| Enter build submenu | 32 | |
| Enter hero's abilities submenu | 8 | |
| Give item / drop item | 1 | |
| Remove unit from queue | 3 | |
| Right click | 1007 | |
| Select / deselect | 456 | |
| Select group hotkey | 911 | |
| Use ability | 184 | |
2797 total
» units
| Peon | 14 | |
| Grunt | 11 | |
| Troll Headhunter/Berserker | 1 | |
| Troll Batrider | 17 | |
| Troll Witch Doctor | 16 | |
| Demolisher | 2 | |
| Tauren | 2 | |
| Spirit Walker | 4 | |
67 total
» upgrades
| Berserker Strength | 1 | |
| Armor | 3 | |
| Witch Doctor Training | 2 | |
| Liquid Fire | 1 | |
| Ranged Weapons | 1 | |
| Shaman Training | 2 | |
| Spirit Walker Training | 2 | |
12 total
» buildings
| Altar of Storms | 1 | |
| Orc Burrow | 6 | |
| Barracks | 1 | |
| Voodoo Lounge | 1 | |
| Stronghold | 1 | |
| War Mill | 1 | |
| Fortress | 1 | |
| Spirit Lodge | 2 | |
| Beastiary | 2 | |
| Watch Tower | 12 | |
| Great Hall | 1 | |
| Tauren Totem | 2 | |
31 total
» build order
00:08 Altar of Storms
00:23 Orc Burrow
00:39 Barracks
01:35 Orc Burrow
02:07 Voodoo Lounge
03:45 Stronghold
04:19 Orc Burrow
05:07 War Mill
06:27 Fortress
07:54 Spirit Lodge
09:08 Beastiary
09:13 Beastiary
10:10 Watch Tower
10:25 Orc Burrow
10:55 Watch Tower
11:15 Orc Burrow
13:10 Great Hall
14:03 Watch Tower
15:19 Orc Burrow
19:24 Watch Tower
19:33 Watch Tower
21:43 Watch Tower
22:14 Watch Tower
23:19 Watch Tower
25:18 Watch Tower
26:48 Watch Tower
28:20 Watch Tower
30:55 Watch Tower
31:37 Tauren Totem
31:41 Tauren Totem
39:13 Spirit Lodge
» items
| Lesser Clarity Potion | 4 | |
| Healing Salve | 4 | |
8 total

»
SUCKlT (
purple | 114 APM | 5642 actions | 49:18)
6 Blood Mage
3 Banish
1 Siphon Mana
1 Flame Strike
1 Summon Phoenix
» actions
| Assign group hotkey | 103 | |
| Basic commands | 62 | |
| Build / train | 148 | |
| ESC pressed | 10 | |
| Enter build submenu | 46 | |
| Enter hero's abilities submenu | 6 | |
| Remove unit from queue | 2 | |
| Right click | 2517 | |
| Select / deselect | 1021 | |
| Select group hotkey | 1450 | |
| Use ability | 276 | |
5642 total
» units
| Peasant | 29 | |
| Footman | 7 | |
| Mortar Team | 25 | |
| Siege Engine | 2 | |
| Dragonhawk Rider | 3 | |
| Gryphon Rider | 7 | |
73 total
» upgrades
| Masonry | 3 | |
| Lumber Harvesting | 2 | |
| Flare | 1 | |
| Gunpowder | 3 | |
| Armor | 3 | |
| Fragmentation Shards | 1 | |
| Barrage | 1 | |
| Plating | 2 | |
| Swords | 2 | |
| Priest Training | 2 | |
| Animal War Training | 1 | |
| Storm Hammers | 1 | |
| Cloud | 1 | |
23 total
» buildings
| Altar of Kings | 1 | |
| Barracks | 1 | |
| Farm | 13 | |
| Town Hall | 2 | |
| Scout Tower | 32 | |
| Lumber Mill | 1 | |
| Arcane Tower | 5 | |
| Guard Tower | 12 | |
| Keep | 2 | |
| Arcane Vault | 3 | |
| Blacksmith | 2 | |
| Castle | 1 | |
| Workshop | 4 | |
| Arcane Sanctum | 2 | |
| Gryphon Aviary | 4 | |
85 total
» build order
00:10 Altar of Kings
00:22 Barracks
00:36 Farm
00:52 Farm
01:39 Farm
03:15 Town Hall
03:29 Scout Tower
03:31 Lumber Mill
03:35 Scout Tower
04:33 Arcane Tower
04:35 Arcane Tower
04:39 Farm
05:02 Scout Tower
05:24 Scout Tower
05:24 Scout Tower
05:31 Arcane Tower
05:41 Guard Tower
05:42 Guard Tower
05:43 Scout Tower
06:21 Guard Tower
06:22 Keep
06:25 Arcane Vault
06:47 Blacksmith
06:48 Blacksmith
06:51 Guard Tower
07:47 Farm
07:48 Farm
07:49 Farm
07:51 Farm
08:28 Scout Tower
08:29 Scout Tower
09:01 Castle
09:05 Workshop
09:06 Workshop
09:08 Workshop
09:40 Guard Tower
09:44 Farm
09:45 Farm
10:31 Farm
10:32 Farm
10:42 Arcane Vault
10:46 Arcane Vault
11:52 Scout Tower
11:53 Scout Tower
11:54 Scout Tower
14:10 Guard Tower
14:14 Scout Tower
14:14 Scout Tower
14:15 Scout Tower
16:30 Arcane Sanctum
16:31 Arcane Sanctum
19:18 Gryphon Aviary
19:18 Gryphon Aviary
19:19 Gryphon Aviary
19:21 Gryphon Aviary
19:42 Farm
21:23 Workshop
21:56 Scout Tower
21:56 Scout Tower
21:57 Scout Tower
21:58 Scout Tower
22:11 Scout Tower
22:37 Guard Tower
22:40 Town Hall
22:41 Guard Tower
23:32 Scout Tower
23:33 Scout Tower
23:33 Scout Tower
23:33 Scout Tower
23:34 Scout Tower
23:34 Scout Tower
23:35 Scout Tower
23:36 Scout Tower
23:37 Scout Tower
23:38 Scout Tower
25:48 Guard Tower
26:23 Guard Tower
26:25 Arcane Tower
26:25 Arcane Tower
» items
| Scroll of Regeneration | 5 | |
| Lesser Clarity Potion | 4 | |
| Scroll of Town Portal | 4 | |
| Staff of Sanctuary | 1 | |
| Potion of Healing | 3 | |
17 total
Chat log
(24:21 / All) twa151: lmao
(31:12 / All) Birdeneering: hmm
(31:16 / All) Birdeneering: can I ask u a question
(31:16 / All) Birdeneering: ah
(31:17 / All) Birdeneering: bad manner
(32:30 / All) twa151: where you guys from?
(32:32 / All) twa151: answer
(32:33 / All) Birdeneering: ANSWER!
(32:38 / All) SUCKlT: AUSTRIA
(32:41 / All) twa151: lol
(32:43 / All) twa800: gday mate
(33:15 / All) twa800: put a shrimp on the barbie
(37:48 / All) twa151: stop losing units to towers
(37:49 / All) twa151: lol
(38:00 / All) Original)hybrid: die shit
(38:02 / All) twa151: lol
(42:52 / All) twa151: bye
(42:53 / All) twa151: gg
(43:35 / All) twa151: is this going well for you???
(43:40 / All) twa151: *guitar shred*
(49:22 / All) twa151: thanks!
(49:26 / All) twa151: http://highper.ch/
(50:00 / All) twa151: lol!
(50:01 / All) twa151: bye
(50:03 / All) twa151: clan towa #1
(50:10 / All) SeEkErOfPoWeR: rofl
(50:14 / All) SeEkErOfPoWeR: this makes you good?
(50:16 / All) SeEkErOfPoWeR: -,-
(50:17 / All) twa151: winning?
(50:18 / All) twa151: yes
(50:20 / All) Birdeneering: i won
(50:20 / All) SeEkErOfPoWeR: no
(50:21 / All) SeEkErOfPoWeR: laming
(50:24 / All) twa151: better than you
(50:24 / All) Birdeneering: without making 1 unit :D
(50:27 / All) Birdeneering: I'm the best
(50:41 / All) twa151: you saw us make towers
(50:43 / All) twa151: and you lost to towers
(50:44 / All) twa151: bye
(50:45 / All) twa151: gg
(50:47 / All) twa151: kiss my feet
(50:48 / All) twa151: bow
(50:49 / All) twa151: b
(50:50 / All) twa151: bow
(50:51 / All) twa151: bow
(50:52 / All) twa151: bow
(50:52 / All) twa151: bow
(53:35 / All) twa151: whats summer like???? down ther????
(54:09 / All) twa151: good work
(56:08 / All) Original)hybrid: hope u die from cancer